 Dungeon Crawl Stone Soup version 0.32-a0-999-gfa1cc04b1d (webtiles) character file.

Game seed: 3849713660695017517

1516 Fodor the Protected (level 8, -2/61 (70) HPs)
             Began as a Minotaur Fighter on Apr 25, 2024.
             Was an Initiate of Gozag.
             Slain by a wight
             ... wielding a +0 great sword
              (10 damage)
             ... on level 6 of the Dungeon.
             The game lasted 00:13:39 (4753 turns).

Fodor the Protected (Minotaur Fighter)              Turns: 4753, Time: 00:13:39

HP:   -2/61 (70)    AC: 13    Str: 22    XL:     8   Next: 53%
MP:   7/7           EV:  8    Int:  5    God:    Gozag
Gold: 51            SH:  0    Dex: 11    Spells: 7/7 levels left

rFire   . . .        q - +4 quarterstaff (chaos)
rCold   . . .        (shield currently unavailable)
rNeg    . . .        v - +0 chain mail
rPois   .            (helmet restricted)
rElec   .            r - +1 cloak {rCorr}
rCorr   +            (no gloves)
SInv    .            (no boots)
Will    .....        (no amulet) Stlth
                     (no ring)
HPRegen 0.30/turn    (no ring)
MPRegen 0.10/turn

%: no passive effects
@: gold aura, heavily drained
A: horns 2, retaliatory headbutt
a: Renounce Religion, Potion Petition, Call Merchant, Bribe Branch


You were on level 6 of the Dungeon.
You worshipped Gozag.
Gozag was noncommittal.
You visited 2 branches of the dungeon, and saw 7 of its levels.

You collected 277 gold pieces.
You spent 183 gold pieces at shops.
You paid 43 gold pieces to Gozag.

Inventory:

Hand Weapons
 a - a +0 war axe of freezing
 q - a +4 quarterstaff of chaos (weapon)
Missiles
 h - 3 boomerangs (quivered)
Armour
 c - a +0 buckler
 r - a +1 cloak of preservation (worn)
 v - a +0 chain mail (worn)
Talismans
 x - a maw talisman
Wands
 b - a wand of iceblast (16)
 w - a wand of flame (20)
Scrolls
 l - 2 scrolls of brand weapon
 n - 2 scrolls of teleportation
 o - 2 scrolls of fog
 s - a scroll of fear
 t - a scroll of acquirement
 y - a scroll of torment
 A - a scroll of blinking
 C - a scroll of noise
 D - a scroll of amnesia {unknown}
Potions
 d - 3 potions of might
 f - 3 potions of haste {unknown}
 g - 2 potions of curing
 i - 2 potions of berserk rage {unknown}
 j - 2 potions of brilliance {unknown}
 k - 5 potions of heal wounds
 m - 2 potions of degeneration {unknown}
 p - a potion of invisibility {unknown}
 z - a potion of attraction {unknown}
 B - a potion of lignification {unknown}


   Skills:
 + Level 5.8 Fighting
 + Level 4.2 Axes
 + Level 7.2 Staves
 + Level 1.5 Throwing
 + Level 8.2 Armour
 + Level 2.4 Dodging
 + Level 0.8 Stealth
 + Level 4.2 Shields


You had 7 spell levels left.
You didn't know any spells.
Your spell library contained the following spells:

 Spells                   Type           Power      Damage    Failure   Level
 Freeze                   Ice            0%         1d3       95%         1
 Frozen Ramparts          Ice            0%         1d1       100%        3
 Hailstorm                Conj/Ice       0%         3d5       100%        3


Dungeon Overview and Level Annotations

Branches:
Dungeon (6/15)             Temple (1/1) D:5

Altars:
Ashenzari
Dithmenos
Elyvilon
Fedhas
Gozag
Hepliaklqana
Nemelex Xobeh
Okawaru
Qazlal
Ru
Trog
Uskayaw
Xom
Yredelemnul
Zin

Shops:
D:1 *   D:4 =


Innate Abilities, Weirdness & Mutations

You have a pair of horns on your head.
You reflexively headbutt those who attack you in melee.


Message History

A wight comes into view. It is wielding a +0 halberd.
A wight comes into view. It is wielding a +3 mace.
A wight comes into view. It is wielding a +0 great sword.
The wight hits you from afar with a +0 halberd.
You feel drained. The wight hits you but does no damage.
The wight hits you from afar with a +0 halberd!
You feel drained.
You hit the wight but do no damage.
The wight hits you from afar with a +0 halberd.
You feel drained.
A wight comes into view. It is wielding a +2 battleaxe.
The wight hits you with a +0 halberd! The wight barely misses you.
The wight hits you with a +3 mace.
You feel drained.
You hit the wight but do no damage.
The wight seems to speed up.
Your headbutt misses the wight. The wight barely misses you.
You furiously retaliate!
You headbutt the wight. The wight hits you with a +3 mace.
The wight closely misses you. The wight hits you but does no damage.
You closely miss the wight. You headbutt the wight.
The wight is moderately damaged.
The wight barely misses you. The wight hits you but does no damage.
The wight hits you with a +3 mace.
You feel drained.
You hit the wight. You burn the wight. Your headbutt misses the wight.
The wight is heavily damaged.
The wight hits you with a +0 halberd.
You feel drained. The wight barely misses you. You furiously retaliate!
You headbutt the wight! The wight hits you with a +3 mace.
The wight hits you with a +0 halberd!
* * * LOW HITPOINT WARNING * * *
You sock the wight! You burn the wight.
You destroy the wight!
The wight barely misses you.
The wight hits you with a +0 great sword.
* * * LOW HITPOINT WARNING * * *
Unknown command.
The wight hits you but does no damage. The wight attacks as it pursues you!
The wight barely misses you. You furiously retaliate!
You headbutt the wight.
The wight hits you with a +0 great sword!
You die...
Your body crumbles into a pile of gold.

#.................
#.######..........
#.# #.#.###### #.#
#.#.# #.# #.#.###
#.# #.....#
#.....###
.######z......#
.......@z...#.#
.######z...$#.#
#.##### # #.# #.#
#.. ..# ###


You could see 3 wights.

Vanquished Creatures
  The ghost of D0namaru the Trooper, a novice DsGl (D:5)
  A black bear (D:5)
  A phantom (D:4)
  A bullfrog (D:5)
  2 scorpions (D:5)
  A wight (D:6)
  6 bombardier beetles
  2 hounds
  Crazy Yiuf (D:2)
  A gnoll bouda (D:4)
  3 iguanas
  Natasha (thrice) (D:2)
  7 gnolls
  5 adders
  A white imp (D:5)
  3 dart slugs
  A ribbon worm (D:3)
  9 orcs
  7 ball pythons
  10 bats
  8 endoplasms
  13 giant cockroaches
  6 goblins
  8 hobgoblins
  5 jackals
  6 quokkas
  2 frilled lizards
  10 kobolds
  3 rats
127 creatures vanquished.

Notes
Turn   | Place    | Note
-------+----------+-------------------------------------------
     0 | D:1      | Fodor the Minotaur Fighter began the quest for the Orb.
     0 | D:1      | Reached XP level 1. HP: 19/19 MP: 0/0
   148 | D:1      | Reached XP level 2. HP: 23/27 MP: 1/1
   160 | D:1      | Found Gebaisog's General Store.
   252 | D:1      | Found a faded altar of an unknown god.
   261 | D:1      | Reached skill level 4 in Armour
   406 | D:1      | Reached XP level 3. HP: 33/33 MP: 2/2
   781 | D:2      | Noticed Natasha
   787 | D:2      | Killed Natasha
   788 | D:2      | Reached skill level 1 in Throwing
   916 | D:2      | Noticed Natasha
   922 | D:2      | Killed Natasha
   923 | D:2      | Reached XP level 4. HP: 29/40 MP: 3/3
  1010 | D:2      | Found an iron altar of Okawaru.
  1089 | D:2      | Noticed Natasha
  1094 | D:2      | Killed Natasha
  1183 | D:2      | Found a runed translucent door.
  1184 | D:2      | Noticed Crazy Yiuf
  1191 | D:2      | Killed Crazy Yiuf
  1192 | D:2      | Reached XP level 5. HP: 31/47 MP: 4/4
  1284 | D:2      | Reached skill level 1 in Dodging
  1636 | D:3      | HP: 2/47 [burnt (4)]
  1649 | D:3      | Reached skill level 1 in Staves
  2205 | D:3      | Reached skill level 5 in Armour
  2205 | D:3      | Reached XP level 6. HP: 46/53 MP: 5/5
  2710 | D:4      | Found Quitwir's Jewellery Shop.
  2861 | D:4      | Reached XP level 7. HP: 23/60 MP: 6/6
  2871 | D:4      | Reached skill level 6 in Armour
  3405 | D:5      | Entered Level 5 of the Dungeon
  3434 | D:5      | Reached skill level 5 in Fighting
  3453 | D:5      | Found a staircase to the Ecumenical Temple.
  3462 | Temple   | Entered the Ecumenical Temple
  3481 | Temple   | Became a worshipper of Gozag Ym Sagoz the Greedy
  3528 | D:5      | HP: 3/61 [white imp (2)]
  3538 | D:5      | Reached skill level 5 in Staves
  3583 | D:5      | Found a runed translucent door.
  3699 | D:5      | Found Zin's Purification Station.
  3708 | D:5      | Found a glowing silver altar of Zin.
  3713 | D:5      | Bought a potion of curing for 90 gold pieces
  3796 | D:5      | Reached skill level 7 in Armour
  4220 | D:5      | Found a sacrificial altar of Ru.
  4241 | D:5      | Found a blossoming altar of Fedhas.
  4246 | D:5      | Reached XP level 8. HP: 64/68 MP: 7/7
  4343 | D:5      | Noticed D0namaru's ghost (novice DsGl)
  4360 | D:5      | Killed D0namaru's ghost
  4361 | D:5      | Reached skill level 8 in Armour
  4612 | D:1      | Bought a +0 chain mail for 49 gold pieces
  4612 | D:1      | Bought 2 scrolls of identify for 44 gold pieces
  4625 | D:1      | Identified a scroll of acquirement
  4753 | D:6      | Slain by a wight

Illustrated notes

Levels and vault maps discovered:
D:1:      minmay_arrival_split_and_join, layout_basic, serial_shops,
          nicolae_shop_tiny_glass, hellmonk_ecumenical_altar_zigzags,
          minmay_pentomino_t2
D:2:      layout_basic, basic_altar, minmay_increasing_density, uniq_natasha,
          uniq_crazy_yiuf_cottage
D:3:      minmay_roachtagon, layout_loops_ring
D:4:      layout_basic, serial_shops, shop
D:5:      layout_basic, zin_purify, jmf_multi_god_temple2,
          minmay_temple_entry_drinking_statues, ebering_ghost_reflecting_pool,
          dreamdust_princess_corridor
D:6:      layout_loops_ring, old_standard_altar, kennysheep_dice
Temple:   grunt_temple_mini_profane

Skill      XL: |  1  2  3  4  5  6  7  8 |
---------------+-------------------------+-----
Armour         | 4 5 7 8 |  8.2
Fighting       | 4 5 |  5.8
Axes           | 3 4 |  4.2
Throwing       | 1 |  1.5
Shields        | 4 |  4.2
Dodging        | 1 2 |  2.4
Staves         | 1 4 5 7 |  7.2
Stealth        | |  0.8

Action                     |  1- 3 |  4- 6 |  7- 9 || total
---------------------------+-------+-------+-------++-------
  Melee: War axe           |    54 |     7 |       ||    61
         Headbutt          |     3 |    20 |    10 ||    33
         Quarterstaff      |       |   127 |    80 ||   207
  Throw: Boomerang         |    15 |       |       ||    15
    Use: Potion            |       |       |     2 ||     2
         Scroll            |       |       |     9 ||     9
   Stab: Confused          |       |       |     1 ||     1
 Armour: Scale mail        |    52 |    37 |       ||    89
         Chain mail        |       |   112 |   110 ||   222
  Dodge: Dodged            |    36 |    69 |    47 ||   152
  Block: Buckler           |    11 |     2 |       ||    13

Table legend: (Time is in decaauts)
 A = Elapsed time spent in this place.
 B = Non-inter-level travel time spent in this place.
 C = Inter-level travel time spent in this place.
 D = Time resting spent in this place.
 E = Time spent auto-exploring this place.
 F = Levels seen in this place.
 G = Mean time per level.
                   A        B        C        D        E       F      G
               +--------+--------+--------+--------+--------+-----+--------+
         Total |   4828 |   4503 |    325 |    469 |   2534 |   7 |  689.7 |
       Dungeon |   4794 |   4469 |    325 |    469 |   2534 |   6 |  799.0 |
        Temple |     33 |     33 |      0 |      0 |      0 |   1 |   33.0 |
               +--------+--------+--------+--------+--------+-----+--------+

Top non-repeatable levels by time:
     D:3: 1161 daAuts
     D:5: 996 daAuts
     D:1: 926 daAuts
     D:4: 864 daAuts
     D:2: 821 daAuts
  Temple: 33 daAuts
     D:6: 23 daAuts
